 Dungeon Crawl Stone Soup version 0.29.1-13-g9f3cf754e1 (webtiles) character file.

Game seed: 15761871339577343048

2439 Thatpatchoflichen the Fighter (level 9, -5/81 HPs)
             Began as a Hill Orc Gladiator on Jan 29, 2023.
             Was a Believer of Uskayaw.
             Slain by a killer bee (6 damage)
             ... on level 6 of the Dungeon.
             The game lasted 00:17:19 (9149 turns).

Thatpatchoflichen the Fighter (Hill Orc Gladiator)  Turns: 9149, Time: 00:17:21

Health: -5/81      AC: 16    Str: 21    XL:     9   Next: 49%
Magic:  15/15      EV: 10    Int:  8    God:    Uskayaw [**....]
Gold:   300        SH:  0    Dex: 12    Spells: 8/8 levels left

rFire   . . .      SeeInvis .   H - +1 hand axe (elec)
rCold   . . .      Faith    .   G - orb {mayhem}
rNeg    . . .      Spirit   .   n - +0 scale mail
rPois   .          Reflect  .   c - +0 helmet
rElec   .          Harm     .   z - scarf {shadows}
rCorr   .          Rampage  .   y - +0 pair of gloves
Will    +....                   F - +0 pair of boots
Stlth   ..........              (no amulet)
HPRegen 0.23/turn               k - ring of willpower
MPRegen 0.14/turn               r - +4 ring of protection

@: lethally poisoned (-5 -> -12)
A: no striking features
a: Renounce Religion, Stomp, Line Pass


You were on level 6 of the Dungeon.
You worshipped Uskayaw.
Uskayaw was aware of your devotion.
You visited 2 branches of the dungeon, and saw 8 of its levels.

You collected 342 gold pieces.
You spent 42 gold pieces at shops.

Inventory:

Hand Weapons
 a - a +0 war axe
 H - a +1 hand axe of electrocution (weapon)
 P - a +2 hand axe of freezing
Missiles
 d - 4 throwing nets (quivered)
 e - 7 javelins
 o - 8 poisoned darts
 B - a curare-tipped dart
 Q - 2 boomerangs
Armour
 c - a +0 helmet (worn)
 n - a +0 scale mail (worn)
 y - a +0 pair of gloves (worn)
 z - a scarf of shadows (worn)
 A - a +0 plate armour
 F - a +0 pair of boots (worn)
 G - an orb of mayhem (worn)
Jewellery
 k - a ring of willpower (left hand)
 r - a +4 ring of protection (right hand)
Wands
 M - a wand of paralysis (13)
Scrolls
 b - a scroll of torment {unknown}
 f - a scroll of brand weapon {unknown}
 g - 2 scrolls of summoning {unknown}
 i - a scroll of silence {unknown}
 j - a scroll of noise {unknown}
 l - 4 scrolls of identify {unknown}
 m - 3 scrolls of teleportation {unknown}
 s - 2 scrolls of magic mapping {unknown}
 u - 4 scrolls of vulnerability {unknown}
 v - 3 scrolls of poison {unknown}
 x - 2 scrolls of fear {unknown}
 D - a scroll of blinking {unknown}
 I - a scroll of enchant weapon {unknown}
 N - 2 scrolls of amnesia {unknown}
Potions
 h - 2 potions of curing
 p - 3 potions of cancellation {unknown}
 q - a potion of degeneration {unknown}
 t - a potion of lignification {unknown}
 w - a potion of heal wounds
 C - a potion of flight {unknown}
 E - a potion of haste {unknown}
 J - a potion of attraction {unknown}
 K - a potion of magic {unknown}
 L - a potion of brilliance {unknown}
 O - a potion of berserk rage {unknown}


   Skills:
 - Level 8.0 Fighting
 - Level 8.0 Axes
 - Level 1.7 Throwing
 + Level 7.6 Armour
 - Level 2.4 Dodging
 - Level 8.0 Invocations


You had 8 spell levels left.
You didn't know any spells.
Your spell library contained the following spells:

 Spells                   Type           Power      Damage    Failure   Level
 Stone Arrow              Conj/Erth      0%         3d7       97%         3
 Animate Armour           Summ/Erth      0%         N/A       100%        4
 Lehudib's Crystal Spear  Conj/Erth      0%         10d2      100%        8


Dungeon Overview and Level Annotations

Branches:
Dungeon (7/15)             Temple (1/1) D:4

Altars:
Ashenzari
Cheibriados
Dithmenos
Elyvilon
Fedhas
Gozag
Hepliaklqana
Makhleb
Nemelex Xobeh
Okawaru
Qazlal
Ru
Sif Muna
Trog
Uskayaw
Vehumet
Xom
Yredelemnul
Zin
The Shining One

Shops:
D:2 !


Message History

A killer bee comes into view.
The killer bee stings you.
You are more poisoned.
The killer bee poisons you! The killer bee closely misses you.
You hit the killer bee but do no damage.
You feel very sick.
The killer bee stings you but does no damage.
The killer bee barely misses you.
You can no longer pass through a line of other dancers.
You miss the killer bee.
You feel sick.
The killer bee stings you but does no damage.
The killer bee closely misses you.
You slash the killer bee!
Lightning courses through the killer bee!
You kill the killer bee!
You hit the killer bee but do no damage.
You feel sick. The killer bee closely misses you.
You can now pass through a line of other dancers.
Your life force feels restored.
You hit the killer bee.
Lightning courses through the killer bee!
The killer bee is severely wounded.
You feel sick.
The killer bee stings you but does no damage.
The killer bee stings you.
* * * LOW HITPOINT WARNING * * *
You feel sick.
The killer bee buzzes angrily.
The killer bee stings you.
* * * LOW HITPOINT WARNING * * *
The killer bee stings you but does no damage.
You climb upwards.
You feel sick.
There is a stone staircase leading down here.
You closely miss the killer bee.
The killer bee is severely wounded.
You feel sick. The killer bee stings you!
* * * LOW HITPOINT WARNING * * *
You are more poisoned.
The killer bee poisons you! The killer bee stings you.
You die...

#..####..##########......#.....
##...###....z.z..........#.....
###.# ###########z......# ....
#.### ##.........zg. #...#
#.[....##.z.g ###.#
############## #
#.######......# .
#....#.).###y####### ..
####..)##.<@.##....# ...
###.....[.#####....# ....
######...###..#####.....##...#
.......................))...#
#.......###...............)....
).#########.....###########.###
### ##....<....# #
##.......##.# ######..#...###
...


You could see a killer bee.

Vanquished Creatures
  Menkaure (D:5)
  A steam dragon (D:7)
  An ice beast (D:4)
  2 black bears (D:5)
  3 ogres
  2 phantoms
  A kobold brigand (D:4)
  3 scorpions
  5 wights (D:6)
  2 killer bees
  3 howler monkeys
  2 jellies
  An orc priest (D:6)
  4 hounds
  6 iguanas
  3 orc wizards
  8 gnolls
  9 adders
  4 dart slugs
  4 worms
  12 orcs
  4 bats
  3 endoplasms
  2 giant cockroaches
  3 hobgoblins
  6 jackals
  A quokka (D:3)
  7 ball pythons
  3 frilled lizards
  4 goblins
  6 kobolds
  4 rats (D:2)
120 creatures vanquished.

Vanquished Creatures (collateral kills)
  A wight (D:6)
  3 gnolls (D:6)
  A white imp (D:5)
  An orc (D:5)
6 creatures vanquished.

Vanquished Creatures (others)
  A wight (D:6)
  A gnoll bouda (D:6)
2 creatures vanquished.

Grand Total: 128 creatures vanquished

Notes
Turn   | Place    | Note
-------+----------+-------------------------------------------
     0 | D:1      | Thatpatchoflichen the Hill Orc Gladiator began the quest
                  | for the Orb.
     0 | D:1      | Reached XP level 1. HP: 18/18 MP: 1/1
   648 | D:1      | Reached skill level 1 in Armour
   648 | D:1      | Reached XP level 2. HP: 25/25 MP: 2/2
   981 | D:2      | Found Quutatix's Distillery.
  1038 | D:2      | Reached XP level 3. HP: 16/31 MP: 3/3
  1528 | D:2      | Reached XP level 4. HP: 30/38 MP: 4/4
  1818 | D:2      | Bought a potion of curing for 42 gold pieces
  1920 | D:2      | Found a faded altar of an unknown god.
  1935 | D:2      | Found a faded altar of an unknown god.
  2006 | D:3      | Reached skill level 5 in Axes
  2104 | D:3      | You fall into a shaft and drop 3 floors!
  2108 | D:5      | Entered Level 5 of the Dungeon
  2184 | D:5      | Noticed a scorpion
  2258 | D:4      | Reached XP level 5. HP: 10/46 MP: 5/5
  2855 | D:4      | Found a staircase to the Ecumenical Temple.
  2877 | D:3      | Reached XP level 6. HP: 18/53 MP: 6/6
  3108 | Temple   | Entered the Ecumenical Temple
  3181 | Temple   | Became a worshipper of Uskayaw the Reveller
  3399 | D:3      | Reached * piety under Uskayaw
  4144 | D:4      | Reached ** piety under Uskayaw
  4147 | D:4      | Reached skill level 5 in Fighting
  4153 | D:4      | Reached *** piety under Uskayaw
  4898 | D:6      | Reached XP level 7. HP: 53/62 MP: 7/7
  4968 | D:6      | Noticed a two-headed ogre
  5073 | D:5      | Noticed Menkaure
  5172 | D:6      | Reached skill level 5 in Armour
  5480 | D:5      | Reached **** piety under Uskayaw
  5481 | D:5      | Killed Menkaure
  5482 | D:5      | Reached XP level 8. HP: 47/71 MP: 7/10
  5615 | D:5      | Found a basalt altar of Yredelemnul.
  6158 | D:5      | Reached skill level 5 in Invocations
  7694 | D:6      | Reached XP level 9. HP: 18/81 MP: 12/14
  9149 | D:6      | HP: 1/81 [killer bee (7)]
  9149 | D:6      | Slain by a killer bee

Illustrated notes

Levels and vault maps discovered:
D:1:      scummos_arrival_simple_fountains, layout_basic
D:2:      layout_rooms, serial_shops, nicolae_shop_waterfront,
          hellmonk_ecumenical_altar_the_god_not_taken
D:3:      layout_rooms
D:4:      layout_basic, minmay_temple_entry_trees, minmay_fractal_squares_5
D:5:      minmay_recursive_quarters, layout_basic, overflow_temple_1_default,
          kennysheep_generic_room_6, uniq_menkaure
D:6:      layout_rooms, roderic_serpentine_path
D:7:      layout_rooms
Temple:   nicolae_temple_bog_church

Skill      XL: |  1  2  3  4  5  6  7  8  9 |
---------------+----------------------------+-----
Armour         | 1 2 3 4 6 7 |  7.6
Fighting       | 3 4 5 6 8 |  8.0
Axes           | 5 6 8 |  8.0
Invocations    | 3 6 8 |  8.0
Throwing       | |  1.7
Dodging        | |  2.4

Action                   |  1- 3 |  4- 6 |  7- 9 || total
-------------------------+-------+-------+-------++-------
Melee: War axe           |    46 |   155 |   121 ||   322
       Punch             |       |     1 |     1 ||     2
       Hand axe          |       |       |   149 ||   149
  Use: Potion            |       |     1 |       ||     1
 Stab: Paralysed         |       |       |     4 ||     4
Armor: Leather armour    |     3 |       |       ||     3
       Scale mail        |    17 |   111 |   168 ||   296
Dodge: Dodged            |    36 |   122 |   158 ||   316
